 Dungeon Crawl Stone Soup version 0.32-a0-43-g058985b245 (webtiles) character file.

Game seed: 8971287392458998704

750 pokeman the Thaumaturge (level 7, 0/40 HPs)
             Began as a Deep Elf Hedge Wizard on Feb 4, 2024.
             Slain by a shadow (18 damage)
             ... on level 5 of the Dungeon.
             The game lasted 00:07:43 (4746 turns).

pokeman the Thaumaturge (Deep Elf Hedge Wizard)     Turns: 4746, Time: 00:07:43

Health: 0/40       AC:  7    Str:  7    XL:     7   Next: 48%
Magic:  13/20      EV: 13    Int: 21    God:
Gold:   179        SH:  0    Dex: 14    Spells: 14/22 levels left

rFire   . . .        x - +2 short sword (venom)
rCold   . . .        (no shield)
rNeg    . . .        b - +0 robe
rPois   .            c - +0 hat
rElec   .            (no cloak)
rCorr   .            g - +0 pair of gloves
SInv    .            (no boots)
Will    .....        (no amulet)
Stlth   ++           e - ring of wizardry
HPRegen 0.26/turn    f - +4 ring of protection
MPRegen 0.17/turn

%: wizardry (x1)
@: no status effects
A: no striking features
a: no special abilities


You were on level 5 of the Dungeon.
You visited 1 branch of the dungeon, and saw 5 of its levels.

You collected 179 gold pieces.

Inventory:

Hand Weapons
 x - a +2 short sword of venom (weapon)
Armour
 b - a +0 robe (worn)
 c - a +0 hat (worn)
 g - a +0 pair of gloves (worn)
 y - a +0 buckler
Jewellery
 e - a ring of wizardry (left hand)
 f - a +4 ring of protection (right hand)
 p - a +5 ring of evasion
 z - a ring of willpower
Scrolls
 a - a scroll of poison {unknown}
 h - 2 scrolls of revelation {unknown}
 i - 2 scrolls of teleportation {unknown}
 k - 3 scrolls of identify {unknown}
 n - 2 scrolls of amnesia {unknown}
 o - 2 scrolls of noise {unknown}
 s - a scroll of torment {unknown}
 t - a scroll of fear {unknown}
 u - a scroll of vulnerability {unknown}
 w - a scroll of blinking {unknown}
Potions
 d - 2 potions of magic
 j - a potion of mutation {unknown}
 l - 3 potions of curing {unknown}
 m - a potion of brilliance {unknown}
 q - 2 potions of ambrosia {unknown}
 r - a potion of haste {unknown}
 v - a potion of lignification {unknown}


   Skills:
 - Level 2.1 Fighting
 + Level 1.4 Armour
 - Level 3.0 Dodging
 - Level 3.0 Stealth
 + Level 1.2 Shields
 * Level 8.4 Spellcasting
 + Level 4.2 Conjurations
 - Level 1.1 Summonings
 - Level 1.1 Translocations
 - Level 1.0 Air Magic
 - Level 1.0 Alchemy


You had 14 spell levels left.
You knew the following spells:

 Your Spells              Type           Power      Damage    Failure   Level
a - Magic Dart            Conj           100%       1d8       1%          1
b - Mephitic Cloud        Conj/Alch/Air  17%        N/A       4%          3
c - Call Imp              Summ           26%        N/A       3%          2
d - Blink                 Tloc           26%        N/A       3%          2

Your spell library contained the following spells:

 Spells                   Type           Power      Damage    Failure   Level
 Slow                     Hex            32%        N/A       3%          1
 Cigotuvi's Dreadful Rot  Necr/Alch/Air  22%        N/A       3%          2


Dungeon Overview and Level Annotations

Branches:
Dungeon (5/15)
 Temple: D:4-7

Altars:
Okawaru
Xom

Shops:
D:1 ?   D:2 =


Message History

The gnoll is engulfed in noxious fumes.
The gnoll appears confused.
The gnoll hits the gnoll bouda with a +0 club.
The gnoll bouda is engulfed in noxious fumes.
The gnoll bouda appears confused.
The gnoll is engulfed in noxious fumes.
The gnoll appears confused.
You hit the gnoll.
The gnoll is severely wounded.
The gnoll is engulfed in noxious fumes.
The gnoll appears confused.
The gnoll barely misses you.
The gnoll bouda is engulfed in noxious fumes.
The gnoll bouda appears confused.
The gnoll bouda hits something with a +0 club!
The gnoll bouda hits itself with a +0 club!
The gnoll bouda is killed!
You hit the gnoll but do no damage.
The gnoll is poisoned.
The gnoll is severely wounded.
The gnoll is engulfed in noxious fumes.
The gnoll appears confused.
The gnoll closely misses you.
Unknown command.
You catch the helpless gnoll completely off-guard!
You hit the gnoll.
You kill the gnoll!
Unknown command.
The gnoll is engulfed in noxious fumes.
The gnoll appears confused.
The gnoll shouts!
You hit the gnoll.
You kill the gnoll!
The shadow strikes at you from the darkness!
Ouch! That really hurt!
Reactivating autopickup.
Unknown command.
Casting: Mephitic Cloud (dangerous; 4% risk of failure)
Confirm with . or Enter, or press ? or * to list all spells.
A tiny devil pulls itself out of the air.
The shadow slips into darkness.
The shadow flickers and vanishes!
Deactivating autopickup; reactivate with Ctrl-A.
Unknown command.
The shadow strikes at you from the darkness!
You die...

##..###....### #.......#.#
##)####..#.## #. ..).#
#..#..##### .[
##..###.........# ###.#
#)..#...#.##.#.# .g.
#.#.......##...# ###)###..#
##..#..#...###.5####.g.....#
..†...##....
##.@.##.#.###...
###...##..#.# #..{)○)#.#
.####.##....# ####.....# ..#
.###...# #......# ...# #
#......# .#.... #........
.####. .?..##..#.
.####.##### ...... ...## ...
.....## ....... .#.#


You could see a friendly cerulean imp (summoned).

Vanquished Creatures
  An ice beast (D:4)
  A black bear (D:5)
  A gnoll sergeant (D:5)
  A howler monkey (D:5)
  2 bombardier beetles
  A gnoll bouda (D:5)
  A hound (D:4)
  A jelly (D:5)
  2 iguanas
  An orc wizard (D:4)
  14 gnolls (D:5)
  4 adders
  2 ribbon worms (D:2)
  7 orcs
  3 bats
  5 endoplasms
  3 giant cockroaches
  3 goblins
  3 hobgoblins
  2 quokkas
  4 ball pythons
  6 kobolds
  4 rats
72 creatures vanquished.

Vanquished Creatures (collateral kills)
  An adder (D:2)
  An orc (D:4)
2 creatures vanquished.

Grand Total: 74 creatures vanquished

Notes
Turn   | Place    | Note
-------+----------+-------------------------------------------
     0 | D:1      | pokeman the Deep Elf Hedge Wizard began the quest for the
                  | Orb.
     0 | D:1      | Reached XP level 1. HP: 10/10 MP: 7/7
   308 | D:1      | Reached XP level 2. HP: 15/15 MP: 1/9
   421 | D:1      | You fall into a shaft and drop 1 floor!
   464 | D:2      | Found Ewoyh's Jewellery Boutique.
   498 | D:1      | Found Weduinai's Magic Scroll Boutique.
  1411 | D:2      | Reached skill level 5 in Spellcasting
  1411 | D:2      | Reached XP level 3. HP: 20/20 MP: 6/11
  1415 | D:2      | Learned a level 3 spell: Mephitic Cloud
  1418 | D:2      | Learned a level 2 spell: Call Imp
  1421 | D:2      | Learned a level 2 spell: Blink
  1649 | D:2      | Reached skill level 1 in Fighting
  1649 | D:2      | Reached skill level 1 in Armour
  1840 | D:2      | Found a faded altar of an unknown god.
  2305 | D:3      | Reached XP level 4. HP: 17/25 MP: 2/13
  2445 | D:3      | Found an iron altar of Okawaru.
  2445 | D:3      | Found a shimmering altar of Xom.
  3129 | D:4      | Reached skill level 6 in Spellcasting
  3129 | D:4      | Reached XP level 5. HP: 23/29 MP: 5/15
  3665 | D:4      | Reached skill level 1 in Alchemy
  3778 | D:4      | Reached skill level 1 in Air Magic
  3940 | D:4      | Noticed an ice beast
  4016 | D:4      | Killed an ice beast
  4017 | D:4      | Reached skill level 7 in Spellcasting
  4017 | D:4      | Reached XP level 6. HP: 14/34 MP: 6/18
  4418 | D:5      | Entered Level 5 of the Dungeon
  4567 | D:5      | Reached XP level 7. HP: 28/40 MP: 13/20
  4570 | D:5      | Reached skill level 8 in Spellcasting
  4710 | D:5      | Noticed a shadow
  4714 | D:5      | Reached skill level 1 in Shields
  4746 | D:5      | Slain by a shadow

Illustrated notes

Levels and vault maps discovered:
D:1:      wander_arrival_desolate, layout_basic, serial_shops,
          nicolae_shop_crystal, minivault_5, nrook_mini_vaults,
          minmay_misc_feat_tiny, amethyst_killhole, serial_bayou_ford_a
D:2:      layout_rooms, shapermc_ecumenical_altar_mp_urbaneastern, serial_shops,
          nicolae_shop_trees, hex_large, mrwooster_statue_mirror,
          hangedman_decor_clover_reticule, minivault_4
D:3:      layout_basic, nicolae_overflow_two_pavilions,
          minmay_misc_feat_hallway, guppyfry_early_lair_pool
D:4:      layout_basic, serial_curves, eino_curves_04, eino_curves_04
D:5:      layout_rooms, uniq_duvessa

Skill      XL: |  1  2  3  4  5  6  7 |
---------------+----------------------+-----
Spellcasting   | 5 6 7 8 |  8.4
Fighting       | 1 2 |  2.1
Armour         | 1 |  1.4
Conjurations   | 2 3 4 |  4.2
Stealth        | 3 |  3.0
Dodging        | 3 |  3.0
Alchemy        | 1 |  1.0
Air Magic      | 1 |  1.0
Shields        | 1 |  1.2
Summonings     | |  1.1
Translocations | |  1.1

Action                     |  1- 3 |  4- 6 |  7- 9 || total
---------------------------+-------+-------+-------++-------
  Melee: Dagger            |    27 |    23 |       ||    50
         Punch             |       |     3 |     1 ||     4
         Short sword       |       |    15 |    28 ||    43
   Cast: Magic Dart        |    98 |    79 |     3 ||   180
         Mephitic Cloud    |     4 |     6 |     7 ||    17
         Call Imp          |     2 |     4 |     1 ||     7
   Stab: Confused          |     4 |     2 |     5 ||    11
 Armour: Robe              |    16 |    18 |    11 ||    45
  Dodge: Dodged            |    24 |    20 |    15 ||    59

Table legend: (Time is in decaauts)
 A = Elapsed time spent in this place.
 B = Non-inter-level travel time spent in this place.
 C = Inter-level travel time spent in this place.
 D = Time resting spent in this place.
 E = Time spent auto-exploring this place.
 F = Levels seen in this place.
 G = Mean time per level.
                   A        B        C        D        E       F      G
               +--------+--------+--------+--------+--------+-----+--------+
         Total |   4757 |   4611 |    146 |    100 |   3862 |   5 |  951.4 |
       Dungeon |   4757 |   4611 |    146 |    100 |   3862 |   5 |  951.4 |
               +--------+--------+--------+--------+--------+-----+--------+

Top non-repeatable levels by time:
     D:4: 1317 daAuts
     D:2: 1118 daAuts
     D:1: 1071 daAuts
     D:3: 922 daAuts
     D:5: 327 daAuts
